 Dungeon Crawl Stone Soup version 0.28-a0-768-g8c92f1e708 (webtiles) character file.

Game seed: 15837053398083240561

16747 Johnny the Fencer (level 12, 0/91 HPs)
             Began as a Human Berserker on Oct 31, 2021.
             Was an Elder of Trog.
             Slain by a four-headed hydra (9 damage)
             ... on level 13 of the Dungeon.
             The game lasted 00:15:38 (17037 turns).

Johnny the Fencer (Human Berserker)                Turns: 17037, Time: 00:15:39

Health: 0/91       AC: 15    Str: 23    XL:     12   Next: 74%
Magic:  12/12      EV: 12    Int:  7    God:    Trog [****..]
Gold:   943        SH:  0    Dex: 13    Spells: 11/11 levels left

rFire   + . .      SeeInvis .   g - +7 great sword (flame)
rCold   + + +      Faith    +   (shield currently unavailable)
rNeg    . . .      Spirit   .   f - quicksilver dragon scales
rPois   .          Reflect  .   r - +0 helmet
rElec   .          Harm     .   k - scarf {rC+ rF+}
rCorr   .          Rampage  .   s - +2 pair of gloves
Will    +....                   (no boots)
Stlth   +.........              t - amulet of faith
HPRegen 0.25/turn               i - ring of protection from cold
MPRegen 0.13/turn               n - ring of protection from cold

@: on berserk cooldown, slowed, very slow
A: no striking features
a: Renounce Religion, Berserk, Trog's Hand, Brothers in Arms


You were on level 13 of the Dungeon.
You worshipped Trog.
Trog was greatly pleased with you.
You visited 2 branches of the dungeon, and saw 15 of its levels.

You collected 1177 gold pieces.
You spent 234 gold pieces at shops.

Inventory:

Hand Weapons
 g - a +7 great sword of flaming (weapon)
 p - a +2 vorpal great sword
Armour
 f - quicksilver dragon scales (worn)
 k - a scarf of resistance (worn)
 r - a +0 helmet (worn)
 s - a +2 pair of gloves (worn)
 v - a +0 troll leather armour
Jewellery
 e - a ring of fire
 i - a ring of protection from cold (left hand)
 n - a ring of protection from cold (right hand)
 t - an amulet of faith (around neck)
Wands
 j - a wand of charming (10)
Scrolls
 b - 2 scrolls of vulnerability
 d - 2 scrolls of teleportation
 m - 3 scrolls of magic mapping
 u - a scroll of silence
 w - a scroll of noise
 y - a scroll of amnesia
 z - a scroll of fog
Potions
 c - a potion of might
 h - 3 potions of curing
 l - 2 potions of flight
 o - 2 potions of berserk rage
 x - a potion of haste {unknown}
 A - a potion of magic {unknown}


   Skills:
 - Level 7.1 Fighting
 * Level 17.7 Long Blades
 - Level 4.7 Armour
 - Level 4.7 Dodging


You had 11 spell levels left.
You didn't know any spells.
Your spell library was empty.

Dungeon Overview and Level Annotations

Branches:
Dungeon (13/15)            Temple (0/1) D:5            Lair (0/6) D:10
    Orc (2/2) D:9             Elf (0/3) Orc:2
 Vaults: D:13-14

Altars:
Ashenzari
Fedhas
Gozag
Kikubaaqudgha
Ru
Trog
Uskayaw
Vehumet
Wu Jian
Xom
Yredelemnul
Jiyva

Shops:
D:2 =   D:7 (   Orc:1 *

Annotations:
D:7 1 runed translucent door, nojaa's ghost, novice OpCA
D:10 exclusion: 2 oklob plants
D:11 3 runed translucent doors, McIrco's ghost, journeyman MiFi


Message History

You turn to flesh and can move again.
Unknown command.
Unknown command.
Unknown command.
Unknown command.
Unknown command.
Unknown command.
Unknown command.
Unknown command.
Unknown command.
Unknown command.
Unknown command.
Unknown command.
Unknown command.
Unknown command.
Unknown command.
Unknown command.
Unknown command.
Unknown command.
Unknown command.
Unknown command.
Unknown command.
Unknown command.
As you read the scroll of teleportation, it crumbles to dust.
You feel strangely unstable.
The catoblepas breathes a plume of calcifying dust at you.
The blast of calcifying dust hits you but does no damage.
The catoblepas breathes a plume of calcifying dust at you.
The blast of calcifying dust hits you.
* * * LOW HITPOINT WARNING * * *
Unknown command.
You are engulfed in calcifying dust.
Your surroundings suddenly seem different.
A four-headed hydra comes into view.
Found 15 gold pieces, 8 stones and a scroll of amnesia.
The four-headed hydra roars!
You hear a shout!
The four-headed hydra bites you but does no damage.
The four-headed hydra barely misses you.
The four-headed hydra misses you. The four-headed hydra bites you!
You die...

#### ..?#
# ##..#
#.#.#...#
.....(..#
......D.#
#@#
#.....$.#
####.####
.. ##


You could see a four-headed hydra.

Vanquished Creatures
  Gastronok (D:11)
  Snorg (D:11)
  A hydra (D:13)
  2 two-headed ogres
  2 deep elf pyromancers (D:13)
  An ugly thing (D:8)
  A cyclops (D:11)
  A manticore (D:12)
  A freezing wraith (D:10)
  3 trolls
  2 shadows (D:12)
  Eustachio (D:6)
  A wyvern (D:7)
  15 yaks
  3 steam dragons (D:9)
  11 vampire mosquitoes
  2 water moccasins
  2 acid dragons
  2 ice beasts (D:6)
  A sky beast (D:6)
  9 orc warriors
  A necrophage (D:4)
  2 black bears (D:4)
  5 ogres
  3 centaurs
  A phantom (D:4)
  5 kobold brigands
  7 gnoll sergeants
  A wyvern zombie (D:7)
  A water moccasin skeleton (D:6)
  5 killer bees (D:8)
  3 wights (D:7)
  5 howler monkeys
  A bullfrog zombie (D:6)
  3 jellies (D:4)
  2 centaur zombies
  5 hounds
  8 orc priests
  A centaur skeleton (D:6)
  2 gnoll shamans
  14 orc wizards
  Natasha (thrice) (D:3)
  2 iguanas
  A killer bee zombie (D:8)
  A hound skeleton (D:4)
  2 howler monkey zombies
  28 gnolls
  10 adders
  2 shadow imps
  An adder skeleton (D:4)
  50 orcs
  17 ball pythons
  4 bats
  15 endoplasms
  A giant cockroach (D:2)
  5 goblins
  9 hobgoblins
  4 jackals
  21 kobolds
  3 quokkas
  3 frilled lizards
  A quokka skeleton (D:4)
  6 rats
  A bush (D:2)
328 creatures vanquished.

Vanquished Creatures (collateral kills)
  A vampire mosquito (D:13)
  2 orc warriors
  A centaur zombie (D:6)
  An orc (Orc:2)
5 creatures vanquished.

Vanquished Creatures (others)
  An orc wizard (Orc:1)
  A gnoll (D:9)
  2 orcs (D:9)
  4 fungi (D:4)
  3 plants (D:2)
  6 toadstools (D:4)
17 creatures vanquished.

Grand Total: 350 creatures vanquished

Notes
Turn   | Place    | Note
-------+----------+-------------------------------------------
     0 | D:1      | Johnny the Human Berserker began the quest for the Orb.
     0 | D:1      | Reached XP level 1. HP: 18/18 MP: 1/1
    74 | D:1      | Reached XP level 2. HP: 24/24 MP: 2/2
  1080 | D:1      | Reached XP level 3. HP: 28/29 MP: 3/3
  1460 | D:1      | Found a faded altar of an unknown god.
  1728 | D:2      | You fall into a shaft and drop 2 floors!
  1758 | D:4      | Noticed a black bear
  1766 | D:4      | Killed a black bear
  1767 | D:4      | Reached skill level 4 in Long Blades
  1767 | D:4      | Reached XP level 4. HP: 37/37 MP: 4/4
  1767 | D:4      | Reached XP level 5. HP: 42/42 MP: 5/5
  1836 | D:4      | Reached skill level 5 in Long Blades
  1984 | D:3      | Reached ** piety under Trog
  1997 | D:3      | Noticed Natasha
  2001 | D:3      | Killed Natasha
  2078 | D:2      | Found Ywido's Jewellery Shoppe.
  2541 | D:2      | Reached XP level 6. HP: 46/48 MP: 6/6
  2917 | D:3      | Noticed Natasha
  2926 | D:3      | Killed Natasha
  3023 | D:3      | Reached *** piety under Trog
  3145 | D:3      | Found an ancient bone altar of Kikubaaqudgha.
  3152 | D:3      | Found a bloodstained altar of Trog.
  3157 | D:3      | Found a blossoming altar of Fedhas.
  3165 | D:3      | Found a sacrificial altar of Ru.
  3170 | D:3      | Found a hide-covered altar of Uskayaw.
  3177 | D:3      | Found a radiant altar of Vehumet.
  3183 | D:3      | Found an opulent altar of Gozag.
  3336 | D:3      | Noticed Natasha
  3344 | D:3      | Killed Natasha
  3501 | D:4      | Noticed a necrophage
  3518 | D:4      | Killed a necrophage
  3519 | D:4      | Reached skill level 6 in Long Blades
  3519 | D:4      | Reached XP level 7. HP: 30/52 MP: 7/7
  4022 | D:4      | Reached skill level 5 in Fighting
  4517 | D:4      | Reached skill level 7 in Long Blades
  4684 | D:4      | Reached XP level 8. HP: 48/63 MP: 8/8
  5014 | D:5      | Entered Level 5 of the Dungeon
  5193 | D:5      | Found a broken altar of Ashenzari.
  5265 | D:5      | Found a staircase to the Ecumenical Temple.
  5406 | D:5      | Reached **** piety under Trog
  5452 | D:5      | Reached skill level 8 in Long Blades
  6028 | D:6      | Found an ornate altar of the Wu Jian Council.
  6043 | D:6      | Reached XP level 9. HP: 69/69 MP: 9/9
  6291 | D:6      | Reached skill level 9 in Long Blades
  6414 | D:6      | Noticed Eustachio
  6430 | D:6      | Killed Eustachio
  7501 | D:7      | Found a runed translucent door.
  7505 | D:7      | Noticed nojaa's ghost (novice OpCA)
  7692 | D:7      | Found Muucelot's Weapon Boutique.
  7717 | D:7      | Reached XP level 10. HP: 79/79 MP: 10/10
  7725 | D:7      | Reached ***** piety under Trog
  7726 | D:7      | Reached skill level 10 in Long Blades
  8587 | D:8      | Noticed a red ugly thing
  8606 | D:8      | Killed a red ugly thing
  8764 | D:8      | Found a shimmering altar of Xom.
  8764 | D:8      | Found a shimmering altar of Xom.
  8765 | D:8      | Found a shimmering altar of Xom.
  8766 | D:8      | Found a shimmering altar of Xom.
  8767 | D:8      | Found a shimmering altar of Xom.
  8767 | D:8      | Found a shimmering altar of Xom.
  8768 | D:8      | Found a shimmering altar of Xom.
  8768 | D:8      | Found a shimmering altar of Xom.
  8769 | D:8      | Found a shimmering altar of Xom.
  8875 | D:8      | Reached skill level 11 in Long Blades
  9843 | D:9      | Found a basalt altar of Yredelemnul.
 10063 | D:9      | Reached skill level 12 in Long Blades
 10294 | D:9      | Reached skill level 13 in Long Blades
 10312 | D:9      | Noticed a two-headed ogre
 10528 | D:9      | Killed a two-headed ogre
 10529 | D:9      | Reached XP level 11. HP: 84/84 MP: 11/11
 10663 | D:9      | Found a staircase to the Orcish Mines.
 10741 | D:9      | Reached skill level 14 in Long Blades
 11724 | Orc:1    | Entered Level 1 of the Orcish Mines
 11830 | Orc:2    | Entered Level 2 of the Orcish Mines
 11844 | Orc:2    | Found a staircase to the Elven Halls.
 11874 | Orc:2    | Received a gift from Trog
 12011 | Orc:2    | Noticed an orc knight
 12018 | Orc:1    | Found Ducyagh's Assorted Antiques.
 12235 | Orc:1    | Bought a potion of curing for 72 gold pieces
 12235 | Orc:1    | Bought a scroll of identify for 48 gold pieces
 12235 | Orc:1    | Bought a scroll of identify for 48 gold pieces
 12235 | Orc:1    | Bought a silvery potion for 21 gold pieces
 12235 | Orc:1    | Bought a scroll labelled USTRUATZO VIAG for 24 gold pieces
 12235 | Orc:1    | Bought a fuming brown potion for 21 gold pieces
 12646 | Orc:2    | HP: 4/126 [orc warrior (18)]
 12652 | Orc:1    | HP: 3/84 [orc warrior/bolt (2)]
 13052 | D:10     | Entered Level 10 of the Dungeon
 13102 | D:10     | Noticed an oklob plant
 13104 | D:10     | Found a staircase to the Lair.
 13104 | D:10     | Noticed an oklob plant
 13282 | D:10     | Reached skill level 15 in Long Blades
 13906 | D:11     | Noticed a cyclops
 13916 | D:11     | Killed a cyclops
 14292 | D:11     | Found a runed translucent gate.
 14293 | D:11     | Found a runed translucent gate.
 14293 | D:11     | Found a runed translucent gate.
 14293 | D:11     | Noticed a great orb of eyes
 14296 | D:11     | Noticed McIrco's ghost (journeyman MiFi)
 14300 | D:11     | Found a viscous altar of Jiyva.
 14677 | D:11     | Noticed Snorg
 14693 | D:11     | Killed Snorg
 14694 | D:11     | Reached skill level 16 in Long Blades
 14694 | D:11     | Reached XP level 12. HP: 91/91 MP: 12/12
 14864 | D:11     | Noticed Gastronok
 14877 | D:11     | Killed Gastronok
 15187 | D:12     | Noticed a two-headed ogre
 15195 | D:12     | Killed a two-headed ogre
 15878 | D:12     | Reached skill level 17 in Long Blades
 16492 | D:13     | Noticed a six-headed hydra
 16497 | D:13     | Killed a three-headed hydra
 16996 | D:13     | Noticed a catoblepas
 17037 | D:13     | Noticed a four-headed hydra
 17037 | D:13     | Slain by a four-headed hydra

Illustrated notes

Levels and vault maps discovered:
D:1:      minmay_arrival_four_loops, layout_basic,
          dilly_ecumenical_altar_fadedgnrine, chequers_jeans, kennysheep_doodads
D:2:      layout_rooms, serial_shops, shop, serial_forest,
          infiniplex_forest_corner_1, infiniplex_forest_zigzag_1,
          infiniplex_forest_clump_curved, infiniplex_forest_lined_2,
          infiniplex_forest_end_3, infiniplex_forest_corner_2,
          infiniplex_forest_split
D:3:      layout_basic, grunt_temple_overflow_octagram, uniq_natasha
D:4:      cheibrodos_fertilizer, layout_basic, kennysheep_generic_room_9
D:5:      layout_rooms, ashenzari_altar_1, minmay_temple_entry_drinking_statues,
          chequers_serial_rivers_micro_d
D:6:      layout_rooms, nicolae_wu_jian_wuxing_cycle,
          hangedman_abyss_or_decor_slice, roderic_lattice_a, fountainhead,
          uniq_eustachio
D:7:      layout_cave_pods, serial_glass, glass_columns_b, glass_columns_a,
          ebering_ghost_reflecting_pool, serial_shops, shop
D:8:      layout_basic, xom_redecorated, serial_co_window_serial,
          co_window_paths_b, co_window_paths_b, co_window_corner_a,
          co_window_corner_a, co_window_corner_a, co_window_corner_a,
          co_window_of_opportunity_a, co_window_broadway_a,
          co_window_of_opportunity_b, co_window_corner_ca, co_window_corner_cb,
          co_window_paths_c, glass_columns_a, glass_columns_a, glass_columns_b,
          glass_columns_a, glass_columns_a, st_stairs_6
D:9:      layout_roguey, lemuel_crystal_altar,
          kennysheep_orc_monster_closet_entryway, special_room
          [special_room_orc]
D:10:     layout_roguey, tgw_sif, dpeg_oklobed_lair
D:11:     layout_basic, gammafunk_ghost_ooze,
          hangedman_abyss_or_decor_lesser_grid, uniq_gastronok, uniq_snorg
D:12:     layout_stronghold
D:13:     layout_loops_cross, st_stairs_3, kennysheep_generic_room_7
Orc:1:    layout_caves, serial_shops, shop
Orc:2:    st_orc_rangers, layout_caves

Skill      XL: |  1  2  3  4  5  6  7  8  9 10 11 12 |
---------------+-------------------------------------+-----
Fighting       | 4 5 6 7 |  7.1
Long Blades    | 4 5 6 7 8 9 13 16 17 | 17.7
Armour         | 3 4 |  4.7
Dodging        | 3 4 |  4.7

Action                   |  1- 3 |  4- 6 |  7- 9 | 10-12 || total
-------------------------+-------+-------+-------+-------++-------
Melee: Falchion          |    71 |   256 |   423 |   623 ||  1373
       Great sword       |       |       |       |   135 ||   135
Invok: Berserk           |     1 |     3 |    12 |    21 ||    37
       Trog's Hand       |       |       |     5 |    18 ||    23
       Brothers in Arms  |       |       |       |     3 ||     3
Evoke: Wand              |       |       |     1 |    22 ||    23
  Use: Scroll            |       |       |     7 |    18 ||    25
       Potion            |       |       |       |     4 ||     4
 Stab: Sleeping          |     1 |       |       |       ||     1
       Distracted        |       |       |     1 |       ||     1
Armor: Animal skin       |    11 |       |       |       ||    11
       Quicksilver drago |     2 |    67 |   195 |   310 ||   574
       Skin              |       |       |       |    16 ||    16
Dodge: Dodged            |    46 |    92 |   219 |   448 ||   805

Table legend: (Time is in decaauts)
 A = Elapsed time spent in this place.
 B = Non-inter-level travel time spent in this place.
 C = Inter-level travel time spent in this place.
 D = Time resting spent in this place.
 E = Time spent auto-exploring this place.
 F = Levels seen in this place.
 G = Mean time per level.
                   A        B        C        D        E       F      G
               +--------+--------+--------+--------+--------+-----+--------+
         Total |  17125 |  16681 |    444 |   4305 |   9666 |  15 | 1141.7 |
       Dungeon |  15842 |  15426 |    416 |   3543 |   9404 |  13 | 1218.6 |
  Orcish Mines |   1282 |   1254 |     28 |    762 |    262 |   2 |  641.0 |
               +--------+--------+--------+--------+--------+-----+--------+

Top non-repeatable levels by time:
    D:12: 1756 daAuts
     D:9: 1740 daAuts
     D:4: 1730 daAuts
     D:8: 1705 daAuts
     D:1: 1669 daAuts
    D:11: 1510 daAuts
     D:7: 1321 daAuts
     D:6: 1293 daAuts
   Orc:1: 1068 daAuts
     D:2: 915 daAuts
     D:3: 781 daAuts
     D:5: 665 daAuts
    D:10: 615 daAuts
   Orc:2: 214 daAuts
    D:13: 136 daAuts
